 Dungeon Crawl Stone Soup version 0.32-a0-779-g362cfca (webtiles) character file.

Game seed: 12745248642256196966

252 Carva the Chopper (level 5, -3/47 HPs)
             Began as a Minotaur Fighter on Mar 19, 2024.
             Succumbed to a scorpion's poison
             ... on level 5 of the Dungeon.
             The game lasted 00:20:46 (3201 turns).

Carva the Chopper (Minotaur Fighter)                Turns: 3201, Time: 00:20:46

Health: -3/47      AC:  8    Str: 23    XL:     5   Next: 89%
Magic:  4/4        EV:  8    Int:  5    God:
Gold:   154        SH:  4    Dex:  9    Spells: 4/4 levels left

rFire   . . .        a - +0 war axe
rCold   . . .        c - +0 buckler
rNeg    . . .        b - +0 scale mail
rPois   .            (helmet restricted)
rElec   .            (no cloak)
rCorr   .            l - +0 pair of gloves
SInv    +            (no boots)
Will    .....        m - amulet of faith Stlth
                     o - ring of see invisible
HPRegen 0.27/turn    (no ring)
MPRegen 0.09/turn

%: faith
@: lethally poisoned (-3 -> -23), invisible
A: horns 2, retaliatory headbutt
a: no special abilities


You were on level 5 of the Dungeon.
You visited 1 branch of the dungeon, and saw 5 of its levels.

You collected 154 gold pieces.

Inventory:

Hand Weapons
 a - a +0 war axe (weapon)
Missiles
 f - a throwing net (quivered) {!f}
 k - 3 curare-tipped darts {!f}
Armour
 b - a +0 scale mail (worn)
 c - a +0 buckler (worn)
 l - a +0 pair of gloves (worn)
Jewellery
 m - an amulet of faith (around neck)
 o - a ring of see invisible (left hand)
Scrolls
 e - 3 scrolls of identify {unknown}
 g - a scroll of noise {unknown}
 h - a scroll of summoning {unknown}
 i - 2 scrolls of teleportation {unknown}
Potions
 d - 2 potions of invisibility
 j - a potion of ambrosia {unknown}
 n - a potion of enlightenment {unknown}


   Skills:
 + Level 4.8 Fighting
 * Level 5.1 Axes
 + Level 4.8 Armour
 + Level 4.8 Shields


You had 4 spell levels left.
You didn't know any spells.
Your spell library contained the following spells:

 Spells                   Type           Power      Damage    Failure   Level
 Apportation              Tloc           0%         N/A       83%         1
 Necrotise                Necr           0%         1d4       83%         1
 Sting                    Conj/Alch      0%         1d3       83%         1
 Summon Small Mammal      Summ           0%         N/A       83%         1


Dungeon Overview and Level Annotations

Branches:
Dungeon (5/15)
 Temple: D:4-7

Altars:
Kikubaaqudgha

Shops:
D:2 *   D:4 (


Innate Abilities, Weirdness & Mutations

You have a pair of horns on your head.
You reflexively headbutt those who attack you in melee.


Message History

You block the quokka's attack.
The scorpion stings you but does no damage.
You hit the scorpion.
The scorpion is moderately wounded.
You slash the quokka!
You kill the quokka!
The scorpion stings you.
You slash the scorpion! Your headbutt misses the scorpion.
The scorpion is severely wounded.
The scorpion stings you.
You are poisoned.
The scorpion poisons you! The scorpion stings you.
You are lethally poisoned!
The scorpion poisons you!
You are too injured to fight recklessly!
You are too injured to fight recklessly!
You are too injured to fight recklessly!
You hit the scorpion.
The scorpion is severely wounded.
* * * LOW HITPOINT WARNING * * *
You feel very sick. The scorpion barely misses you. The scorpion stings you.
* * * LOW HITPOINT WARNING * * *
* * * LOW HITPOINT WARNING * * *
You feel very sick.
You closely miss the scorpion.
The scorpion is severely wounded.
* * * LOW HITPOINT WARNING * * *
You feel very sick.
The scorpion stings you but does no damage.
You hit the scorpion but do no damage. Your headbutt misses the scorpion.
The scorpion is severely wounded.
* * * LOW HITPOINT WARNING * * *
You feel sick. You block the scorpion's attack. The scorpion stings you.
* * * LOW HITPOINT WARNING * * *
You are more poisoned.
The scorpion poisons you!
It was a potion of invisibility.
You fade into invisibility!
You die...

#....# #.##.# #.##(# #
#(#..#.# # #.##.#.#
#.#......################
#.#....####..............
#.........>...@s.$.......
###.#..###########=......
#.#..# ....... #.#....
....... #.#.#### .......
#.#.# ....... #.#.#
....... #.#.# ....s.. #.#


You could see a scorpion (unable to see you).

Vanquished Creatures
  A scorpion (D:5)
  Jessica (D:2)
  Terence (D:3)
  An orc wizard (D:3)
  4 adders
  3 dart slugs
  2 ribbon worms
  7 orcs
  5 bats
  5 endoplasms
  A giant cockroach (D:2)
  7 goblins
  5 hobgoblins
  2 jackals (D:1)
  3 quokkas
  6 ball pythons
  5 frilled lizards
  2 kobolds
  2 rats
63 creatures vanquished.

Vanquished Creatures (others)
  A human (D:3)
1 creature vanquished.

Grand Total: 64 creatures vanquished

Notes
Turn   | Place    | Note
-------+----------+-------------------------------------------
     0 | D:1      | Carva the Minotaur Fighter began the quest for the Orb.
     0 | D:1      | Reached XP level 1. HP: 19/19 MP: 0/0
   142 | D:1      | Reached XP level 2. HP: 27/27 MP: 1/1
   241 | D:1      | Reached skill level 3 in Axes
   610 | D:1      | Found a faded altar of an unknown god.
   891 | D:2      | Reached XP level 3. HP: 33/33 MP: 2/2
   963 | D:2      | Noticed Jessica
   981 | D:2      | Killed Jessica
   982 | D:2      | Reached XP level 4. HP: 25/40 MP: 3/3
  1308 | D:2      | Found Fidiad's Assorted Antiques.
  1454 | D:2      | Reached skill level 4 in Axes
  2585 | D:3      | Found an ancient bone altar of Kikubaaqudgha.
  2585 | D:3      | Noticed a human
  2592 | D:3      | Killed a human
  2604 | D:3      | Reached XP level 5. HP: 46/47 MP: 4/4
  2973 | D:3      | Noticed Terence
  2980 | D:3      | Killed Terence
  3086 | D:4      | Found Weop's Weapon Emporium.
  3141 | D:5      | Entered Level 5 of the Dungeon
  3187 | D:5      | Reached skill level 5 in Axes
  3200 | D:5      | HP: 2/47 [scorpion (1)]
  3201 | D:5      | Succumbed to a scorpion's poison

Illustrated notes

Levels and vault maps discovered:
D:1:      lemuel_arrival_river_passageway, layout_basic,
          ebering_ecumenical_altar_hall
D:2:      layout_basic, serial_shops, nicolae_shop_waterfront,
          chequers_serial_rivers_micro_b, st_stairs_14, chequers_mini_garden,
          minmay_misc_feat_cross, uniq_jessica
D:3:      layout_basic, tgw_kikubaaqudgha, uniq_terence
D:4:      layout_basic, serial_shops, nicolae_shop_tiny_real_fake_doors,
          kennysheep_little_box, nicolae_shop_window_shopping, shop, shop
D:5:      layout_basic, kennysheep_mini, amcnicky_altar_gilded, eino_curves_04

Skill      XL: |  1  2  3  4  5 |
---------------+----------------+-----
Axes           | 3 4 5 |  5.1
Shields        | 4 |  4.8
Armour         | 4 |  4.8
Fighting       | 4 |  4.8

Action                     |  1- 3 |  4- 6 || total
---------------------------+-------+-------++-------
  Melee: War axe           |    48 |    83 ||   131
         Headbutt          |     7 |    13 ||    20
    Use: Potion            |     1 |     2 ||     3
 Armour: Scale mail        |    31 |    64 ||    95
  Dodge: Dodged            |    16 |    40 ||    56
  Block: Buckler           |    12 |    18 ||    30

Table legend: (Time is in decaauts)
 A = Elapsed time spent in this place.
 B = Non-inter-level travel time spent in this place.
 C = Inter-level travel time spent in this place.
 D = Time resting spent in this place.
 E = Time spent auto-exploring this place.
 F = Levels seen in this place.
 G = Mean time per level.
                   A        B        C        D        E       F      G
               +--------+--------+--------+--------+--------+-----+--------+
         Total |   3259 |   3091 |    168 |    402 |   1997 |   5 |  651.8 |
       Dungeon |   3259 |   3091 |    168 |    402 |   1997 |   5 |  651.8 |
               +--------+--------+--------+--------+--------+-----+--------+

Top non-repeatable levels by time:
     D:2: 1322 daAuts
     D:3: 909 daAuts
     D:1: 907 daAuts
     D:5: 63 daAuts
     D:4: 56 daAuts
